AoeStats
← XezkitoDelFlow

Arabia

510004520Analyzed
3v3 RM · 3d ago on Sep 29, 2026· 43m 19s· 6 players
Game mode
Random Map
Map size
Normal (6 player)
Population
200
Speed
Normal
Resources
Standard
Victory
Conquest
Starting age
Dark Age
Ending age
Imperial Age
RankedLock teamsTeams togetherTeam positionsShared explorationLock speedFull tech treeHidden civsTurbo modeCheats
Victory
Defeat
🇺🇸 Spanish · United States
965
+41
🇨🇳 Lithuanians · China
927
+17
🇨🇴 Goths · Colombia
916
+17
🇨🇱 Bulgarians · Chile
958
-17
🇨🇱 Magyars · Chile
943
-16
🇨🇱 Armenians · Chile
942
-16
JAKOW45
3:00 Loom
10:11 Feudal Age
16:31 Double-Bit Axe
17:57 Horse Collar
21:16 Castle Age
20:55 Forging
20:48 Scale Mail Armor
22:40 Iron Casting
22:20 Man-at-Arms
25:53 Long Swordsman
26:34 Squires
34:55 Imperial Age
33:47 Wheelbarrow
32:58 Town Watch
33:33 Pikeman
34:39 Chain Mail Armor
34:35 Bow Saw
35:14 Hand Cart
36:47 Two-Man Saw
35:27 Two-Handed Swordsman
36:22 Town Patrol
37:02 Champion
38:36 Ballistics
39:19 Chemistry
38:48 Scale Barding Armor
40:33 Blast Furnace
41:30 Perfusion
41:57 Elite Huskarl
DEADASS BEE
11:17 Feudal Age
18:24 Castle Age
17:10 Fletching
25:14 Double-Bit Axe
28:54 Gold Mining
29:20 Scale Barding Armor
32:27 Wheelbarrow
34:37 Hand Cart
35:02 Bloodlines
34:53 Husbandry
35:02 Scale Barding Armor
35:45 Bloodlines
39:31 Bodkin Arrow
39:51 Bodkin Arrow
43:04 Horse Collar
2026
0:27 Loom
11:38 Feudal Age
12:14 Town Watch
15:26 Castle Age
15:35 Horse Collar
20:11 Fervor
27:33 Bloodlines
28:48 Husbandry
31:15 Scale Barding Armor
32:39 Forging
34:22 Iron Casting
34:08 Chain Barding Armor
38:05 Imperial Age
38:52 Wheelbarrow
38:10 Elite Leitis
42:05 Ballistics
42:56 Murder Holes
44:22 Plate Barding Armor
Rodrigo Da Silva
3:45 Loom
11:15 Feudal Age
13:48 Bloodlines
14:45 Wheelbarrow
20:21 Horse Collar
20:30 Double-Bit Axe
22:57 Gold Mining
22:59 Stone Mining
23:07 Stone Mining
26:59 Castle Age
27:22 Scale Mail Armor
29:03 Corvinian Army
29:09 Pikeman
31:08 Scale Barding Armor
31:29 Chain Mail Armor
32:57 Bow Saw
34:36 Husbandry
36:46 Chain Barding Armor
37:22 Hand Cart
40:12 Heavy Plow
40:42 Arson
! benjA -
3:49 Loom
11:49 Feudal Age
12:34 Man-at-Arms
13:24 Man-at-Arms
14:23 Forging
14:13 Scale Mail Armor
14:12 Arson
14:30 Long Swordsman
24:06 Castle Age
24:29 Two-Handed Swordsman
24:55 Gambesons
25:05 Horse Collar
26:29 Iron Casting
30:36 Padded Archer Armor
30:26 Fletching
33:23 Ballistics
33:11 Bodkin Arrow
34:40 Leather Archer Armor
43:32 Imperial Age
XezkitoDelFlow
1:45 Loom
15:28 Feudal Age
16:10 Double-Bit Axe
16:07 Horse Collar
16:19 Arson
19:00 Scale Mail Armor
19:11 Forging
19:49 Wheelbarrow
26:23 Castle Age
24:16 Gold Mining
24:18 Stone Mining
27:17 Squires
27:19 Gambesons
28:03 Chain Mail Armor
29:36 Hand Cart
31:45 Iron Casting
31:57 Bow Saw
31:52 Heavy Plow
35:14 Imperial Age
33:54 Pikeman
Connection lost

Rejoining the realm…

Still unreachable

The connection could not be restored.

Session expired

The server has moved on; the page needs a fresh start.